cohdb
Replays
Latest Replays
All Replays
Popular Replays
Top Player Replays
Match Explorer
How It Works
Community
CoH3 Stats
Reddit
Sign in to upload your games and track your stats! →
Sign in with Steam
Match 43392325
Unlisted
Match 43392325
Overview
Messages
Build Orders
End
Selects Special Operations Battlegroup
Selects M29 Weasel Recon Vehicle
M29 Weasel Recon Vehicle
Construct Barracks
Riflemen Squad
Riflemen Squad
M1 Mortar Team
M29 Weasel Recon Vehicle
Mechanized Support Center
Riflemen Squad
Grenade Package
Construct Motor Pool
Selects Raiding Flares
M24 Chaffee Light Tank
Engineer Squad
Designate Forward Repair Station
Construct Medical Station
Selects SSF Commando Squad
M8 Greyhound Armored Car
Designate Forward Repair Station
M1918 Browning Automatic Rifles
SSF Commando Squad
Selects P-47 Anti-Infantry Loiter
Selects UNKNOWN (2162291)
M29 Weasel Recon Vehicle
M1 Anti-tank Gun Team
Construct Tank Depot
SSF Commando Squad
.30 cal Machine Gun
P-47 Anti-Infantry Loiter
M4A1 Sherman Medium Tank
AI Takeover
Malenkiy_Apelsin
^3
0
0
Comments
sign in to comment!
No comments posted yet!